cohdb
Replays
Latest Replays
All Replays
Popular Replays
Top Player Replays
Match Explorer
How It Works
Community
CoH3 Stats
Reddit
Sign in to upload your games and track your stats! →
Sign in with Steam
Match 39486904
Unlisted
Match 39486904
Overview
Messages
Build Orders
End
Panzerpioneer Squad
Selects Panzerjäger Kommand Battlegroup
Selects Panzerjäger Kommand Battlegroup
250 Light Carrier
Panzergrenadier Squad
Construct Light Support Kompanie
250 Light Carrier
Combat Half-tracks
Fire Support Elements
Selects GrB 39 Grenade Launcher Requisition
Vehicle Survival Package
Flakvierling Half-track
MG34 Team
Assault Mechanized Group
Selects Mine Fields
Pak 38 Anti-tank Gun Team
Construct Panzerarmee Kommand
Tungsten Core Ammunition
Selects Defensive Positions
Selects Butterfly Bomb Drop
Walking Stuka Rocket Launcher
Pak 38 Anti-tank Gun Team
Emergency Repair Kits
Butterfly Bomb Drop
Panzer III L Medium Tank
Rapid Advance
Pak 38 Mechanized Group
Butterfly Bomb Drop
Kanade
罐头鸟巢
Valkyrie_Tone
114514
jacklean
Axel
The Unnamed One
traat
0
0
Comments
sign in to comment!
No comments posted yet!